[Event "*** SCC Grand Prix: Titled Tuesday Blitz"]
[Site "Chess.com"]
[Date "2020.07.14"]
[Round "10"]
[White "Igor_Lysyj"]
[Black "MomchilPetkov"]
[Result "1-0"]
[WhiteElo "2800"]
[BlackElo "2591"]
[TimeControl "180+1"]
[EndTime "11:59:22 PDT"]
[Termination "Igor_Lysyj won on time"]

1. d4 Nf6 2. c4 e6 3. Nf3 d5 4. g3 Bb4+ 5. Bd2 Be7 6. Bg2 O-O 7. O-O c6 8. Qc2 b6 9. Ne5 Bb7 10. cxd5 cxd5 11. Rc1 Nfd7 12. Nd3 Nc6 13. e3 Rc8 14. Nc3 Ba6 15. Be1 Rc7 16. Bf1 Qb8 17. Qa4 Qb7 18. Nb5 Bxb5 19. Qxb5 a6 20. Qb3 b5 21. Qd1 Rfc8 22.
a4 g6 23. axb5 axb5 24. Qb3 h5 25. h4 Kg7 26. Rd1 b4 27. Nf4 Qb6 28. Bd3 Na5 29.
Qa4 Nc4 30. Bxc4 dxc4 31. d5 e5 32. d6 Nc5 33. Qxb4 Qxb4 34. Bxb4 Bxd6 35. Rxd6 exf4 36. exf4 Nd3 37. Bc3+ Kh7 38. Raa6 Re7 39. f5 Rg8 40.
fxg6+ Rxg6 41. Rxg6 fxg6 42. Rc6 Re2 43. Rxc4 Nxf2 44.
Rc8 g5 45. Rh8+ Kg6 46. Rg8+ Kf7 47. Rg7+ Ke6 48. Kf1 Rc2 49. Rxg5 Kd6 50. Rxh5 Ng4 51. Ke1 Ne3 52. Re5 Ng2+ 53. Kf1 1-0

[Event "*** SCC Grand Prix: Titled Tuesday Blitz"]
[Site "Chess.com"]
[Date "2020.07.14"]
[Round "10"]
[White "exoticprincess"]
[Black "Sibelephant"]
[Result "1-0"]
[WhiteElo "2844"]
[BlackElo "3107"]
[TimeControl "180+1"]
[EndTime "11:59:24 PDT"]
[Termination "exoticprincess won by resignation"]

1. d4 Nf6 2. c4 g6 3. Nc3 d5 4. Bg5 Bg7 5. e3 c5 6. dxc5 Qa5 7.
Bxf6 Bxf6 8. Rc1 dxc4 9. Bxc4 O-O 10. Ne2 Qxc5 11. Bb3 Nc6 12. O-O Qa5 13. h3 Rd8 14. Qe1 Bg7 15. Nf4 Bf5 16. Qe2 Be5 17. Qf3 Bxf4 18. Qxf4 Qe5 19. Qf3 Be6 20. Bxe6 Qxe6 21. Rfd1 Rxd1+ 22. Rxd1 Rd8 23. Rxd8+ Nxd8 24. Qd5 Qxd5 25.
Nxd5 Kf8 26. Kf1 Ke8 27. Ke2 Kd7 28. Kd3 Nc6 29. f4 Kd6 30. Nc3 f5 31. e4 e6 32.
e5+ Kc5 33. a3 a5 34. Na4+ Kb5 35. Nc3+ Kc5 36. Ne2 b5 37. Ng1 a4 38. Nf3 h6 39. g3 Kd5 40. Nh4 g5 41. Ng2 gxf4 42. gxf4 Na5 43. Ne3+ Kc5 44. Kc3 Nb3 45. Nc2 Kd5 46.
Kb4 Ke4 47. Kxb5 Kxf4 48. Kxa4 Nd2 49. b4 Kxe5 50. b5 Kd6 51. Ka5 f4 52. b6 Nc4+ 53. Ka6 Nxb6 54. Kxb6 e5 55. a4 e4 56. a5 e3 57. a6 e2 58. Ne1 1-0

[Event "*** SCC Grand Prix: Titled Tuesday Blitz"]
[Site "Chess.com"]
[Date "2020.07.14"]
[Round "10"]
[White "LilRag"]
[Black "JozefKneht"]
[Result "1/2-1/2"]
[WhiteElo "2499"]
[BlackElo "2353"]
[TimeControl "180+1"]
[EndTime "11:59:27 PDT"]
[Termination "Game drawn by repetition"]

1. e4 e5 2. Nf3 Nc6 3. Bc4 Bc5 4. O-O Nf6 5. d4 exd4 6. e5 d5 7. exf6 dxc4 8. Re1+ Be6 9. Ng5 Qd5 10. Nc3 Qf5 11. Nce4 O-O-O 12. Nxc5 Qxc5 13. fxg7 Rhg8 14. Rxe6 fxe6 15.
Nxe6 Qd5 16. Nxd8 Rxg7 17. g3 Qxd8 18. Bf4 Qd5 19. Qe2 b5 20. a4 b4 21. b3 cxb3 22. cxb3 d3 23. Qe3 Rd7 24. Rc1 Kb7 25. Rc5 Qxb3 26. Rb5+ Kc8 27. Qe8+ Nd8 28. Qe4 Rf7 29. Qa8+ Kd7 30. Rd5+ Ke6 31. Qxd8 Qxd5 32. Qe8+ Kf5 33.
Qc8+ Qd7 34. Qg8 Ke4 35. Qg5 Kd4 36. Qe5+ Kc4 37. Qe4+ Kb3 38. Bd2 c5 39. Qe1 Kxa4 40. Qa1+ Kb5 41. Qa2 a5 42. Qb2 c4 43. Qe5+ Ka4 44.
Qa1+ Kb5 45. Qe5+ Ka6 46. Be3 c3 47. Qc5 Rf6 48. Qc4+ Qb5 49. Qc8+ Qb7 50. Qc4+ Qb5 51. Qc8+ Qb7 52. Qc4+ Qb5 1/2-1/2

[Event "*** SCC Grand Prix: Titled Tuesday Blitz"]
[Site "Chess.com"]
[Date "2020.07.14"]
[Round "10"]
[White "ChessBitl"]
[Black "FlamingPhoenix123"]
[Result "0-1"]
[WhiteElo "2297"]
[BlackElo "2438"]
[TimeControl "180+1"]
[EndTime "11:59:27 PDT"]
[Termination "FlamingPhoenix123 won on time"]

1. e4 c5 2. Nf3 d6 3. d4 cxd4 4. Nxd4 Nf6 5. f3 Nc6 6. c4 Qb6 7. Nc2 g6 8. Nc3 Bg7 9. Rb1 Ng4 10. Qd2 Bh6 11. Qe2 Bxc1 12. fxg4 Bh6 13. Nd5 Qd8 14. h4 Ne5 15. g5 Bg7 16. Nce3 h6 17.
gxh6 Rxh6 18. g3 Be6 19. Bg2 Rc8 20. O-O Rh8 21. b4 Qd7 22. Rbc1 Ng4 23. Nxg4 Bxg4 24.
Qf2 Be6 25. Qxa7 Be5 26. Qe3 Qc6 27. Rc2 Qa4 28. Rcf2 Bxd5 29. exd5 Rf8 30. a3 Ra8 31. Qb6 Qa7 32. Qxa7 Rxa7 33. Rf3 Bd4+ 34. Kh2 Bf6 35. Re1 Kd7 36. Ree3 Rfa8 37. Bh3+ Kc7 38. c5 b6 39.
cxd6+ Kxd6 40. Rc3 Rc7 41. Rxc7 Kxc7 42. Rc3+ Bxc3 43.
Bg2 Kd6 44. Bf3 Rxa3 45. g4 Be5+ 46. Kg2 Ra2+ 47. Kg1 Bd4+ 48. Kh1 Ke5 49. h5 Kf4 50. Bg2 Kg3 0-1

[Event "*** SCC Grand Prix: Titled Tuesday Blitz"]
[Site "Chess.com"]
[Date "2020.07.14"]
[Round "10"]
[White "MFguimaraes"]
[Black "SiddharthGMJagadeesh"]
[Result "0-1"]
[WhiteElo "2395"]
[BlackElo "2519"]
[TimeControl "180+1"]
[EndTime "11:59:28 PDT"]
[Termination "SiddharthGMJagadeesh won by checkmate"]

1. e4 c5 2. Nf3 e6 3. g3 Nc6 4. Bg2 Nf6 5. Nc3 d6 6. O-O Be7 7. Re1 O-O 8. d3 Bd7 9. e5 dxe5 10. Nxe5 Nxe5 11. Rxe5 Qc7 12. Re1 Bc6 13. Bf4 Bd6 14. Bg5 Bxg2 15. Kxg2 Nd5 16. Nxd5 exd5 17. Qf3 h6 18. Bd2 Rad8 19. Re2 Be5 20. c3 Qd6 21. Rae1 Bf6 22. Bf4 Qb6 23. h4 Qc6 24. Be5 Bxe5 25. Rxe5 Rd6 26. Re7 Rf6 27. Qe3 Kh7 28. d4 c4 29. b4 Qc8 30. Qe5 Rd8 31. Qc7 Qf5 32.
Qf4 Qc2 33. Qe3 Rdd6 34. Re2 Qf5 35. Re5 Qg6 36. h5 Qb1 37. f4 Rde6 38. Qf3 Rxe5 39.
dxe5 Rf5 40. Rd2 Qc1 41. Re2 d4 42. cxd4 c3 43. Qd3 g6 44. hxg6+ fxg6 45. Rc2 Qb1 46. Rxc3 Qxa2+ 47. Rc2 Qd5+ 48. Qf3 Qxd4 49. Rc7+ Kg8 50. Rxb7 Qd2+ 51. Kh3 Qd8 52. Qb3+ Kh8 53. Qf7 Rh5+ 54. Kg4 Qd1# 0-1

[Event "*** SCC Grand Prix: Titled Tuesday Blitz"]
[Site "Chess.com"]
[Date "2020.07.14"]
[Round "10"]
[White "NikolaGry"]
[Black "Kopytkin"]
[Result "1-0"]
[WhiteElo "2638"]
[BlackElo "2455"]
[TimeControl "180+1"]
[EndTime "11:59:30 PDT"]
[Termination "NikolaGry won by checkmate"]

1. e4 Nf6 2. e5 Nd5 3. d4 d6 4.
Nf3 g6 5. Bc4 Nb6 6. Bb3 d5 7. h3 Nc6 8. O-O Bg7 9. c3 O-O 10.
Re1 f6 11. exf6 exf6 12. Nbd2 Na5 13. Bc2 Re8 14. Rxe8+ Qxe8 15. Nf1 Be6 16. Bf4 Qd7 17. b3 Re8 18. Ne3 Nc8 19. Qd2 Nc6 20. Re1 Bf7 21. Ng4 Rxe1+ 22. Qxe1 Nd6 23. Nh6+ Bxh6 24. Bxh6 Ne7 25.
Bf4 Nec8 26. h4 Qe6 27. Qd2 c6 28. Bd3 Ne4 29. Qc2 Ncd6 30. c4 Qg4 31. Bxd6 Nxd6 32. c5 Ne4 33. Qc1 Kg7 34. Qa3 a6 35. Qb4 Qd7 36. Nd2 Nxd2 37. Qxd2 Qg4 38. Bf1 Qxh4 39. Qb4 a5 40. Qxb7 Qxd4 41. Qxc6 Qc3 42. Qd6 d4 43. c6 Qc1 44. c7 d3 45. Qd8 d2 46. c8=Q Qxc8 47. Qxd2 Qc5 48. Qb2 h5 49. a3 h4 50. b4 axb4 51. axb4 Qb6 52. b5 g5 53. Qc3 Bd5 54. Qd2 Kh6 55. Qxd5 Kg6 56. Bd3+ Kh5 57. Qf7+ Kg4 58. Qd7+ Kf4 59. Qf5# 1-0

[Event "*** SCC Grand Prix: Titled Tuesday Blitz"]
[Site "Chess.com"]
[Date "2020.07.14"]
[Round "10"]
[White "MariaFominykh"]
[Black "NefeLV"]
[Result "1-0"]
[WhiteElo "2247"]
[BlackElo "1827"]
[TimeControl "180+1"]
[EndTime "11:59:31 PDT"]
[Termination "MariaFominykh won on time"]

1. d4 g6 2. c4 Bg7 3. Nf3 Nf6 4.
Nc3 O-O 5. e4 d6 6. h3 c5 7. Be3 cxd4 8. Nxd4 Nc6 9. Nc2 a6 10.
Be2 Qc7 11. O-O Ne5 12. Na3 Be6 13. Rc1 Rac8 14. b3 Rfd8 15. f4 Ned7 16. Bf3 Nc5 17. Qe2 Qa5 18. Nab1 h5 19. Kh1 Qb4 20. Bd2 Qb6 21.
Nd5 Bxd5 22. exd5 Rd7 23. f5 Kh7 24. fxg6+ fxg6 25. Nc3 Qd8 26. Bg5 b6 27. Qc2 Qe8 28.
Bxf6 exf6 29. Bxh5 Bh6 30. Rce1 Qg8 31. Rxf6 Rg7 32.
Ref1 b5 33. Ne4 Nxe4 34. Qxe4 bxc4 35. bxc4 Bg5 36. Rxd6 Qe8 37. Re6 Qg8 38. Bg4 Rc5 39. Rxa6 Rgc7 40. Be6 Qg7 41. Ra8 Rxc4 42. Qf3 Rc3 43. Qg4 R3c4 44. Qxg5 Rc1 45. Rxc1 1-0

[Event "*** SCC Grand Prix: Titled Tuesday Blitz"]
[Site "Chess.com"]
[Date "2020.07.14"]
[Round "10"]
[White "The_Machine04"]
[Black "Orest_Vovk"]
[Result "0-1"]
[WhiteElo "2291"]
[BlackElo "2438"]
[TimeControl "180+1"]
[EndTime "11:59:32 PDT"]
[Termination "Orest_Vovk won on time"]

1. d4 e5 2. dxe5 Nc6 3. Nf3 Qe7 4. Nc3 Nxe5 5. Nxe5 Qxe5 6. g3 Qd6 7. Bf4 Qxd1+ 8.
Rxd1 d6 9. Bg2 Be7 10. Nd5 Bd8 11. O-O Ne7 12. Rfe1 Nxd5 13. Bxd5 O-O 14. c4 Be6 15. b3 Bxd5 16. cxd5 a5 17. a4 b5 18.
axb5 Rb8 19. Rd3 Rxb5 20. Ra1 Re8 21. Kf1 Bf6 22. Ra4 Reb8 23. h4 h6 24. Rc4 R8b7 25.
Bd2 Ra7 26. Ra4 Rab7 27. Bxa5 Kf8 28. e4 Ke7 29. b4 Kd7 30. Ra2 Ra7 31. Rc2 h5 32.
Rc4 g6 33. Rd2 Be5 34. Rdc2 Rbb7 35. f4 Bf6 36. Ke2 Bd8 37. Kd3 Rb5 38. Rc6 Raxa5 39. bxa5 Rxa5 40. R6c4 Ra1 41. e5 Rg1 42. Ke4 Rxg3 43.
exd6 f5+ 44. Kd4 cxd6 45. Ra4 Bb6+ 46. Kc4 Rf3 47. Ra6 Rxf4+ 48. Kb5 Bc5 49. Rg2 Rb4+ 50. Ka5 Rg4 51. Rxg4 hxg4 52. Ra8 g3 53. Rh8 g2 54. Rh7+ Ke8 55. Kb5 g1=Q 56. Kc6 Qa1 0-1

[Event "*** SCC Grand Prix: Titled Tuesday Blitz"]
[Site "Chess.com"]
[Date "2020.07.14"]
[Round "10"]
[White "Andrei_Belozerov"]
[Black "Nafania1"]
[Result "0-1"]
[WhiteElo "2553"]
[BlackElo "2453"]
[TimeControl "180+1"]
[EndTime "11:59:33 PDT"]
[Termination "Nafania1 won by resignation"]

1. e4 e6 2. d4 d5 3. Nd2 Be7 4. e5 c5 5. c3 cxd4 6. cxd4 Qb6 7. Ndf3 Bb4+ 8. Bd2 Nc6 9. Bxb4 Qxb4+ 10. Qd2 Nge7 11. Bd3 Qxd2+ 12. Kxd2 Bd7 13. Ne2 O-O 14. Rac1 f6 15.
Ke3 Rac8 16. h4 h6 17. g3 fxe5 18. Nxe5 Nxe5 19. dxe5 Nc6 20. f4 Kf7 21. Nd4 Ke7 22.
a3 Nxd4 23. Kxd4 Rc6 24. Rxc6 Bxc6 25. Rc1 g5 26. hxg5 hxg5 27. fxg5 Rf3 28. Rg1 Kf7 29. g6+ Kg7 30. b4 a6 31. g4 Bb5 32.
Bb1 Rxa3 33. Rh1 Rb3 34. Kc5 Rc3+ 35. Kd6 Rc6+ 36. Ke7 d4 37. Rh7+ Kg8 38. Kf6 d3 39.
Rg7+ Kh8 40. Rd7 Rc8 41. Rh7+ Kg8 42. Rg7+ Kh8 43. Rh7+ Kg8 44. Rd7 Rf8+ 45. Ke7 Bxd7 46. Kxd7 Rf3 47. Kxe6 d2 48. Bc2 Rc3 49. Bd1 Rc1 50.
Bf3 d1=Q 51. Bxd1 Rxd1 52. Kf6 Rb1 53. e6 Rxb4 54. e7 Re4 55. g7 Re1 56. g5 a5 57.
Kg6 Rxe7 0-1

[Event "*** SCC Grand Prix: Titled Tuesday Blitz"]
[Site "Chess.com"]
[Date "2020.07.14"]
[Round "10"]
[White "Tekushka"]
[Black "verdest"]
[Result "0-1"]
[WhiteElo "2356"]
[BlackElo "2498"]
[TimeControl "180+1"]
[EndTime "11:59:33 PDT"]
[Termination "verdest won on time"]

1. d4 Nf6 2. c4 c5 3. d5 b5 4. cxb5 a6 5. bxa6 g6 6. Nc3 Bg7 7. e4 O-O 8. Be2 Qa5 9. Bd2 d6 10. Nf3 Bxa6 11. O-O Bxe2 12. Qxe2 Qa6 13. Rfe1 Qxe2 14.
Rxe2 Nbd7 15. Rb1 Rfb8 16. b3 Ng4 17. h3 Nge5 18. Ne1 c4 19. f4 Nd3 20. Nxd3 cxd3 21. Ree1 Nc5 22. b4 Na4 23. Nxa4 Rxa4 24. Rb3 Rxa2 25.
Rxd3 Rxd2 26. Rxd2 Bc3 27. Rde2 Bxe1 28. Rxe1 Rxb4 29.
Kf2 Kf8 30. g4 f5 31. gxf5 gxf5 32. Kf3 Rb3+ 33. Re3 fxe4+ 34. Kxe4 Rb4+ 35. Kf5 Rd4 36. Ke6 Rxf4 37. Rb3 Re4+ 38. Kd7 Re5 39. Rf3+ Kg7 40. Ke8 Kg6 41. Rf7 Rxd5 42. Kxe7 Rd3 43. Rf8 d5 44.
Ke6 d4 45. Rg8+ Kh6 46. Ke5 Rd1 47. Ke4 d3 48. Ke3 Kh5 49. Rg7 h6 50. Rg8 Kh4 51.
Rh8 h5 52. Rh7 Rh1 53. Kxd3 Rxh3+ 54. Ke2 Rg3 55. Kf2 Rg5 0-1

[Event "*** SCC Grand Prix: Titled Tuesday Blitz"]
[Site "Chess.com"]
[Date "2020.07.14"]
[Round "10"]
[White "Morshynska"]
[Black "QueenOfTactics90"]
[Result "1-0"]
[WhiteElo "2178"]
[BlackElo "2005"]
[TimeControl "180+1"]
[EndTime "11:59:34 PDT"]
[Termination "Morshynska won by resignation"]

1. e4 c5 2. Nf3 Nc6 3. d4 cxd4 4. Nxd4 g6 5. c4 Bg7 6. Be3 Nf6 7. Nc3 O-O 8. Be2 d6 9. O-O Bd7 10. Rc1 Nxd4 11. Bxd4 Bc6 12. f3 Nd7 13. Be3 a5 14. b3 Nc5 15. Qd2 Qc7 16. Rfd1 Rfd8 17. Nd5 Bxd5 18.
cxd5 b6 19. Bb5 Rac8 20. Qe2 Qb8 21. g4 h6 22. h4 Rc7 23. h5 g5 24. Rc2 Qc8 25.
Rdc1 e6 26. dxe6 Qxe6 27. Bc4 Qe7 28. Bd5 Kh7 29. a3 Rdc8 30. Qb5 Nb7 31. Rc6 Rxc6 32.
Rxc6 Rxc6 33. Qxc6 Nd8 34. Qxb6 Qf6 35. Kg2 Qb2+ 36.
Bf2 Ne6 37. Bxe6 fxe6 38. Qxd6 Qxb3 39. Qe7 Kg8 40. Qe8+ Bf8 41. Qg6+ Bg7 42. Bd4 Qc2+ 43. Kh3 Qc7 44. Qxg7+ Qxg7 45. Bxg7 Kxg7 46. Kg3 Kf6 47. f4 gxf4+ 48. Kxf4 e5+ 49. Kg3 Kg5 50. a4 Kf6 51.
Kh4 Kg7 52. g5 hxg5+ 53. Kxg5 Kh7 54. Kf5 Kh6 55. Kxe5 Kxh5 56. Kd6 Kg5 57. e5 Kf4 58. e6 Ke3 59. e7 Kd3 60. e8=Q Kc3 61. Qb5 1-0

[Event "*** SCC Grand Prix: Titled Tuesday Blitz"]
[Site "Chess.com"]
[Date "2020.07.14"]
[Round "10"]
[White "Kaua18"]
[Black "Michaelson_11"]
[Result "0-1"]
[WhiteElo "2265"]
[BlackElo "2135"]
[TimeControl "180+1"]
[EndTime "11:59:35 PDT"]
[Termination "Michaelson_11 won on time"]

1. c4 e5 2. Nc3 Nf6 3. Nf3 Nc6 4. g3 Bb4 5. Bg2 d6 6. Qc2 Bxc3 7. bxc3 O-O 8. O-O h6 9. d4 Qe7 10. Ba3 e4 11. Ne1 Bf5 12. e3 Na5 13. c5 Rfc8 14. Qa4 b6 15. Nc2 a6 16. c4 dxc5 17. Bxc5 bxc5 18.
Qxa5 cxd4 19. Qxf5 d3 20. Nd4 g6 21. Qa5 c5 22.
Nb3 Ra7 23. Rfd1 Nd7 24. Bh3 f5 25. Qc3 Qe5 26. Qxe5 Nxe5 27. Rac1 Rb7 28. Kf1 Rb4 29. Nd2 Rb2 30. Nxe4 Rxa2 31. Nc3 Ra3 32. Nd5 Kf7 33. f4 Nc6 34. Rc3 Rxc3 35. Nxc3 Nb4 36. Bg2 Re8 37. Nd5 Nc2 38. Rxd3 Rb8 39. Nc3 Rb3 40.
Bd5+ Kf6 41. Kf2 Nb4 42. Rd2 Rxc3 43. Rb2 Nd3+ 44. Ke2 Nxb2 45. Kd2 Rb3 46. Kc2 Rb6 47. e4 fxe4 48. Bxe4 a5 49. Bd5 a4 50. Kb1 a3 51.
Ka2 Ra6 52. Bg8 Nd3 53. Bd5 Nb4+ 54. Kb3 a2 0-1

[Event "*** SCC Grand Prix: Titled Tuesday Blitz"]
[Site "Chess.com"]
[Date "2020.07.14"]
[Round "10"]
[White "EvgenyT"]
[Black "kuban1991"]
[Result "1/2-1/2"]
[WhiteElo "2909"]
[BlackElo "2780"]
[TimeControl "180+1"]
[EndTime "11:59:36 PDT"]
[Termination "Game drawn by repetition"]

1. c4 g6 2. g3 Bg7 3. Bg2 c5 4. Nc3 Nc6 5. Rb1 e6 6. a3 Nge7 7. b4 d6 8. Nf3 O-O 9. O-O b6 10. Qb3 Bb7 11. Bb2 Qd7 12. e3 Rac8 13. Rbc1 h6 14.
Rfd1 g5 15. h3 e5 16. d3 f5 17. Nd5 Nxd5 18. cxd5 Ne7 19. Nd2 h5 20. bxc5 bxc5 21.
Nc4 Kh8 22. e4 f4 23. Bc3 Ng6 24. Rb1 Ba6 25. Rd2 h4 26. Qd1 g4 27. Qxg4 Qxg4 28. hxg4 Bxc4 29. dxc4 fxg3 30. fxg3 Bh6 31. Rd3 hxg3 32. g5 Nf4 33. Rxg3 Ne2+ 34. Kh2 Nxg3 35. gxh6 Ne2 36. Bd2 Rb8 37. Rxb8 Rxb8 38. Bg5 Nf4 39. Bf3 Rb2+ 40. Kg3 Rb3 41. Kg4 Kh7 42. Be7 Rb6 43. Bf8 Ng6 44. Bg7 Rb1 45.
Kg5 Rf1 46. Bg4 Rg1 47. a4 a5 48. Bf6 Rf1 49. Bf5 Rg1+ 50. Kh5 Rh1+ 51. Kg5 Rg1+ 52. Kh5 Rh1+ 53. Kg5 Rg1+ 1/2-1/2

[Event "*** SCC Grand Prix: Titled Tuesday Blitz"]
[Site "Chess.com"]
[Date "2020.07.14"]
[Round "10"]
[White "WiktoriaPOL"]
[Black "Gandrade2"]
[Result "1-0"]
[WhiteElo "1933"]
[BlackElo "2110"]
[TimeControl "180+1"]
[EndTime "11:59:36 PDT"]
[Termination "WiktoriaPOL won by checkmate"]

1. c4 e5 2. Nc3 Nc6 3. Nf3 f5 4. g3 Bb4 5. d4 e4 6. Nh4 d6 7. Ng2 Nf6 8. h4 O-O 9. Nf4 Qe8 10. Bg2 Qf7 11. d5 Ne5 12. Qa4 Bxc3+ 13. bxc3 b6 14. O-O Ng6 15. Qb4 Nxf4 16. Bxf4 Nd7 17.
a4 a5 18. Qb5 Ba6 19. Qb3 Nc5 20. Qa2 Qf6 21. Rac1 Rae8 22. Bg5 Qf7 23. Rfd1 Qd7 24. Ra1 h6 25. Be3 Nb7 26. Rab1 Nd8 27. Qd2 Qxa4 28. Ra1 Qd7 29. c5 Nf7 30. cxb6 cxb6 31. Bxb6 Ne5 32. Bxa5 Qb5 33. Qd4 Qxe2 34. Bb4 Rd8 35. Bxd6 Nf3+ 36.
Bxf3 Qxf3 37. Bxf8 Rxf8 38. Qe3 Qe2 39. Qxe2 Bxe2 40.
Rd2 Bd3 41. Ra4 f4 42. g4 f3 43. Kh2 Rb8 44. Kg3 Rb1 45. c4 g5 46. hxg5 hxg5 47. Ra8+ Kg7 48. d6 Rg1+ 49. Kh2 Rg2+ 50. Kh1 Rxg4 51. d7 Rh4+ 52. Kg1 Rg4+ 53. Kh2 Rh4+ 54.
Kg3 Bf1 55. d8=Q Rh3+ 56. Kg4 Rh4+ 57. Kxg5 Rh2 58. Rd7# 1-0

[Event "*** SCC Grand Prix: Titled Tuesday Blitz"]
[Site "Chess.com"]
[Date "2020.07.14"]
[Round "10"]
[White "DonBroca"]
[Black "LimaRR"]
[Result "1-0"]
[WhiteElo "2099"]
[BlackElo "2051"]
[TimeControl "180+1"]
[EndTime "11:59:38 PDT"]
[Termination "DonBroca won on time"]

1. e4 c5 2. Nf3 d6 3. d4 cxd4 4.
Nxd4 Nf6 5. Nc3 a6 6. Bg5 e6 7. f4 Be7 8. Qf3 Qc7 9. O-O-O Nbd7 10. g4 h6 11. Bh4 g5 12. fxg5 Ne5 13. Qg3 Nfxg4 14.
gxh6 Bxh4 15. Qxh4 Rxh6 16. Qg3 Bd7 17. h3 O-O-O 18. Be2 Rdh8 19. Bxg4 Nc4 20. Nb3 Rg6 21. Qf2 Be8 22. Nd5 Qd8 23. Nf4 Rf6 24. Qh2 Ne3 25. Qd2 Nxd1 26. Rxd1 Bc6 27. Nh5 Rfh6 28. Ng3 Kc7 29.
e5 d5 30. Nd4 Bd7 31. Qc3+ Kb8 32. Nf3 Qb6 33. Qa3 Rc8 34. Qd6+ Qxd6 35. exd6 f5 36. Ne5 fxg4 37. Nxd7+ Ka7 38. hxg4 Rd8 39. Ne5 Rh3 40. Nf7 Rd7 41. Ne5 Rxd6 42. Nh5 Re3 43. Nd3 e5 44. g5 e4 45. Ndf4 Rf3 46. Nxd5 Rxd5 47. Rxd5 e3 48. Kd1 Rf2 49. Nf6 1-0

[Event "*** SCC Grand Prix: Titled Tuesday Blitz"]
[Site "Chess.com"]
[Date "2020.07.14"]
[Round "10"]
[White "vesalhamedinia"]
[Black "teacher4chess"]
[Result "1-0"]
[WhiteElo "2188"]
[BlackElo "2020"]
[TimeControl "180+1"]
[EndTime "11:59:39 PDT"]
[Termination "vesalhamedinia won on time"]

1. d4 d5 2. c4 c6 3. cxd5 cxd5 4.
Nc3 Nf6 5. Bf4 a6 6. e3 Nc6 7. Bd3 Bg4 8. Qb3 Ra7 9. Nf3 Bxf3 10. gxf3 e6 11. O-O Bd6 12. Bg3 O-O 13. Kh1 Nh5 14. Ne2 g6 15. a3 b5 16. Rac1 Na5 17. Qc2 Rc7 18. Qd1 Nc4 19. Bxc4 bxc4 20. Qa4 Rb7 21.
Rc2 Bxg3 22. hxg3 Qb6 23. Rd2 Rfb8 24. Rc1 Qb5 25. Qd1 Qd7 26. Rb1 Rb3 27. Kg2 R8b6 28.
Nc1 R3b5 29. Na2 Qb7 30. Qc1 Rb3 31. Nc3 Ng7 32. Na4 R6b5 33. Nc5 Rxc5 34. dxc5 Nf5 35. Rc2 Qc6 36. Rc3 Rb5 37. b4 a5 38. Qc2 axb4 39. axb4 d4 40. exd4 Nxd4 41. Qe4 Qxe4 42. fxe4 Nc6 43. Rxc4 Kf8 44. f4 Ke7 45. e5 f6 46.
exf6+ Kxf6 47. Re4 Kf5 48. Kf3 g5 49. g4+ 1-0

[Event "*** SCC Grand Prix: Titled Tuesday Blitz"]
[Site "Chess.com"]
[Date "2020.07.14"]
[Round "10"]
[White "djano"]
[Black "124chess"]
[Result "0-1"]
[WhiteElo "2465"]
[BlackElo "2677"]
[TimeControl "180+1"]
[EndTime "11:59:41 PDT"]
[Termination "124chess won on time"]

1. d4 g6 2. h4 Bg7 3. h5 c5 4. c3 cxd4 5. cxd4 Qb6 6. Nf3 d6 7. Nc3 Bg4 8. h6 Bf6 9. e3 Nc6 10. Be2 e6 11. a4 d5 12. Nd2 Bxe2 13. Qxe2 Nge7 14. Qb5 O-O 15. f4 Qc7 16. Nf3 a6 17. Qe2 Na5 18. Ne5 Nec6 19. Ng4 Bh8 20. O-O Qd8 21. Bd2 Nc4 22. Be1 Qb6 23. Rb1 f5 24. Ne5 N4xe5 25. fxe5 Rac8 26. Kh1 Qd8 27. Qf3 Qg5 28.
Qf4 Qxf4 29. exf4 Nxd4 30. Bf2 Nb3 31. Rbd1 Rc4 32. g3 Rfc8 33. Rd3 Nc5 34. Bxc5 R8xc5 35. Rfd1 g5 36. Ne2 Kf7 37. Kg2 Rxa4 38. Rb3 b5 39.
Nd4 Rcc4 40. Rbd3 a5 41. b3 Ra2+ 42. R1d2 Rxd2+ 43. Rxd2 Rc3 44. Nxb5 Rxb3 45. Nd6+ Kg6 46. Rc2 gxf4 47. gxf4 Kxh6 48. Nf7+ Kg7 49. Rc7 a4 50.
Ng5+ Kg6 51. Nxe6 h6 52. Nf8+ Kh5 53. e6 Bf6 54. Nh7 Bh4 55. Rd7 Re3 56. Rxd5 Kg4 57. Ra5 Rxe6 0-1

[Event "*** SCC Grand Prix: Titled Tuesday Blitz"]
[Site "Chess.com"]
[Date "2020.07.14"]
[Round "10"]
[White "YPradafah"]
[Black "2900tactinhos"]
[Result "0-1"]
[WhiteElo "2529"]
[BlackElo "2447"]
[TimeControl "180+1"]
[EndTime "11:59:41 PDT"]
[Termination "2900tactinhos won on time"]

1. d4 Nf6 2. Nf3 c5 3. c3 cxd4 4. cxd4 g6 5. Nc3 Bg7 6. Bf4 O-O 7. e3 Qa5 8. Qd2 d6 9. h3 Nc6 10. Bc4 e5 11. Bg3 exd4 12. exd4 d5 13. Nxd5 Re8+ 14.
Kf1 Qxd2 15. Nxd2 Nxd5 16. Bxd5 Nxd4 17. Nf3 Bf5 18. Rd1 Nxf3 19. gxf3 Rad8 20. Kg2 Rd7 21. b3 Red8 22. Bh4 Re8 23. Be4 Rxd1 24. Rxd1 Bxe4 25.
fxe4 Rxe4 26. Rd8+ Bf8 27. Bg3 Kg7 28. Kf3 Re6 29. Rd7 Re7 30. Rd8 Re6 31. Rb8 b6 32.
Rb7 a5 33. a4 h6 34. Bc7 Re7 35. Ra7 Re6 36. Ra6 Bc5 37. Ra8 Rf6+ 38. Ke4 Rxf2 39. Be5+ f6 40. Ra7+ Kg8 41. Bb8 h5 42. Kd5 Re2 43. Bf4 g5 0-1

[Event "*** SCC Grand Prix: Titled Tuesday Blitz"]
[Site "Chess.com"]
[Date "2020.07.14"]
[Round "10"]
[White "Alindsay211"]
[Black "Oligan22"]
[Result "1/2-1/2"]
[WhiteElo "2317"]
[BlackElo "2454"]
[TimeControl "180+1"]
[EndTime "11:59:43 PDT"]
[Termination "Game drawn - insufficient material"]

1. e4 c5 2. Nf3 e6 3. d4 cxd4 4. Nxd4 Nc6 5. Nc3 Qc7 6. Be3 a6 7. Qf3 Nf6 8. O-O-O Rb8 9. Qg3 Qxg3 10. hxg3 Ng4 11. Nxc6 bxc6 12. Rd3 Nxe3 13. Rxe3 Bc5 14. Re2 a5 15. Rd2 d5 16. Bd3 h6 17. g4 Be7 18. f4 d4 19. Ne2 e5 20. fxe5 Bg5 21.
Nxd4 c5 22. Nc6 Bxd2+ 23. Kxd2 Rxb2 24. Nxa5 Rxa2 25. Nc4 Bxg4 26. Nd6+ Ke7 27. Rb1 Rd8 28. Rb5 f6 29. Rxc5 fxe5 30. Nc4 Kf6 31. Nxe5 Be6 32.
Nf3 Rc8 33. Rb5 Bc4 34. Rb6+ Ke7 35. Ke3 Bxd3 36. cxd3 Rxg2 37. Rb7+ Kf6 38. Rb6+ Kf7 39. Rb7+ Kg8 40. Nd4 h5 41. Nf5 Rf8 42. Kf3 Rg5 43. Kf4 Rg1 44. d4 g6 45. Rg7+ Kh8 46. Ke3 gxf5 47. Rxg1 fxe4 48. Kxe4 Re8+ 49. Kf5 Rf8+ 50. Ke6 Re8+ 51. Kd7 Re2 52. d5 Kh7 53. Rh1 Kg6 54. d6 Kf6 55. Kd8 Rd2 56. d7 Kg5 57. Re1 h4 58. Ke8 h3 59. d8=Q+ Rxd8+ 60. Kxd8 Kg4 61. Ke7 Kg3 62. Kf6 h2 63. Kf5 Kg2 64. Re2+ Kg1 65. Rxh2 Kxh2 1/2-1/2

[Event "*** SCC Grand Prix: Titled Tuesday Blitz"]
[Site "Chess.com"]
[Date "2020.07.14"]
[Round "10"]
[White "Brave_spirit12"]
[Black "Azatic"]
[Result "1/2-1/2"]
[WhiteElo "2514"]
[BlackElo "2631"]
[TimeControl "180+1"]
[EndTime "11:59:45 PDT"]
[Termination "Game drawn - insufficient material"]

1. e4 c5 2. c3 d5 3. exd5 Qxd5 4. Nf3 Nf6 5. d4 e6 6. Be2 cxd4 7. cxd4 Nc6 8. O-O Be7 9. Nc3 Qd6 10. Be3 O-O 11. Rc1 b6 12. Nb5 Qd7 13. Ne5 Nxe5 14. dxe5 Nd5 15. Nc7 Nxe3 16. fxe3 Rb8 17. Qb3 Bc5 18.
Rxc5 bxc5 19. Qxb8 Ba6 20. Qxf8+ Kxf8 21. Nxa6 Qd2 22.
Kf2 c4 23. Nc5 Qxb2 24. Rd1 g6 25. Kf1 Qxa2 26. Rd8+ Kg7 27. Rc8 Qa1+ 28. Kf2 Qxe5 29. Bxc4 Qxh2 30. Be2 Qh4+ 31. Kf1 a5 32. Ra8 Qf6+ 33.
Bf3 Qc3 34. Ne4 Qxe3 35. Rxa5 f5 36. Nc5 Qc1+ 37. Ke2 Qc2+ 38. Kf1 Qc1+ 39. Ke2 Qc4+ 40. Nd3 h5 41. Ra7+ Kh6 42. Rd7 e5 43. Ke3 e4 44.
Rd4 Qa2 45. Bxe4 fxe4 46. Nf4 Qc2 47. Rxe4 Qc1+ 48. Kf3 Qf1+ 49. Kg3 Qa6 50. Re6 Qa3+ 51. Kh2 Qf8 52. Rxg6+ Kh7 53. g3 Qxf4 54. gxf4 Kxg6 55. Kh3 Kf5 56. Kh4 Kxf4 57. Kxh5 1/2-1/2